 Dungeon Crawl Stone Soup version 0.30.0-20-g3615ddf2f0 (webtiles) character file.

Game seed: 16105988531392731540

82591 qw the Severer (level 15, -8/101 HPs)
             Began as a Gargoyle Fighter on May 29, 2023.
             Was an Elder of Okawaru.
             Killed by divine providence
             ... invoked by a meliai
              (15 damage)
             ... on level 15 of the Dungeon.
             The game lasted 00:11:14 (21673 turns).

qw the Severer (Gargoyle Fighter)                  Turns: 21673, Time: 00:11:14

Health: -8/101     AC: 42    Str: 38    XL:     15   Next: 74%
Magic:  22/22      EV: 17    Int:  8    God:    Okawaru [****..]
Gold:   1239       SH:  7    Dex:  9    Spells: 14/14 levels left

rFire   + + .        u - +0 morningstar (freeze)
rCold   . . .        c - +0 buckler
rNeg    + + .        j - +6 chain mail "Ireiteth" {rF+ Str+4}
rPois   inf          g - +2 helmet
rElec   +            (no cloak)
rCorr   .            k - +2 pair of gloves
SInv    .            m - +2 pair of boots {rF+}
Will    +....        (no amulet)
Stlth   x              - +5 ring of evasion
HPRegen 0.36/turn    A - ring of the Tempest {rN+ Str+6}
MPRegen 0.18/turn

%: no passive effects
@: about to teleport, heroic, marked, flying
A: sickness immunity, AC +11, big wings, negative energy resistance 1,
electricity resistance, torment resistance 1, petrification resistance
a: Renounce Religion, Heroism, Finesse


You were on level 15 of the Dungeon.
You worshipped Okawaru.
Okawaru was greatly pleased with you.
You visited 3 branches of the dungeon, and saw 21 of its levels.

You collected 1866 gold pieces.
You spent 627 gold pieces at shops.


Innate Abilities, Weirdness & Mutations

You are immune to sickness and miasma.
Your stone body is resilient. (AC +11)
You are immune to poison.
Your large and strong wings let you fly.
You resist negative energy. (rN+)
You are resistant to electric shocks. (rElec)
You are resistant to unholy torment.
You are immune to petrification.


   Skills:
 + Level 14.9(19.9) Fighting
 - Level 16.0(21.0) Axes
 - Level 6.0(11.0) Throwing
 - Level 11.0(16.0) Armour
 - Level 4.1(9.1) Dodging
 - Level 9.1(14.1) Shields
 - Level 10.0 Invocations


You had 14 spell levels left.
You didn't know any spells.
Your spell library was empty.

Inventory:

Hand Weapons
 r - a +7 vampiric war axe
 u - a +0 morningstar of freezing (weapon)
Missiles
 n - 9 boomerangs
 s - 4 javelins (quivered)
Armour
 a - +0 acid dragon scales
 c - a +0 buckler (worn)
 g - a +2 helmet (worn)
 j - the +6 chain mail "Ireiteth" (worn) {rF+ Str+4}
   (You found it on level 5 of the Lair of Beasts)

   Str:       It affects your strength (+4).
   rF:        It protects you from fire.
 k - a +2 pair of gloves (worn)
 m - a +2 pair of boots of fire resistance (worn)
Jewellery
 x - a +5 ring of evasion (left hand)
 y - a ring of protection from cold
 A - the ring of the Tempest (right hand) {rN+ Str+6}
   (You found it on level 7 of the Dungeon)

   [ring of strength]

   Str:       It affects your strength (+6).
   rN:        It protects you from negative energy.
 Y - a +4 ring of slaying {mikee}
Scrolls
 i - a scroll of teleportation
 o - 3 scrolls of identify
 p - a scroll of enchant armour
Potions
 d - 5 potions of might
 e - 4 potions of curing
 f - 2 potions of haste
 h - 2 potions of heal wounds
 l - 2 potions of attraction
 q - 3 potions of mutation
 t - 2 potions of cancellation
 v - 4 potions of lignification
 w - a potion of resistance
 B - a potion of magic

Dungeon Overview and Level Annotations

Branches:
Dungeon (15/15)            Temple (1/1) D:6            Lair (5/5) D:10
  Swamp (0/4) Lair:3       Spider (0/4) Lair:2        Slime (0/5) Lair:5
    Orc (0/2) D:10         Vaults (0/5) D:14
 Depths: D:15

Altars:
Ashenzari
Cheibriados
Dithmenos
Elyvilon
Fedhas
Gozag
Hepliaklqana
Kikubaaqudgha
Nemelex Xobeh
Okawaru
Ru
Sif Muna
Trog
Uskayaw
Vehumet
Wu Jian
Xom
Yredelemnul
Zin
The Shining One
Jiyva

Shops:
D:8 *   D:10 (?

Annotations:
D:6 1 runed translucent door, Crazy Yiuf
D:7 2 runed translucent doors
D:15 Jorgrun, Kirke


Message History

The meliai stings you but does no damage.
The meliai misses you. The meliai completely misses you.
The hog bites you but does no damage. Something closely misses you.
You hear a grinding noise.
You hit the hog. You freeze the hog.
You kill the hog!
Okawaru accepts your kill. The meliai completely misses you.
The meliai stings you but does no damage.
You block the meliai's attack.
The meliai stings you but does no damage.
The hog bites you but does no damage. The five-headed hydra bites you.
The five-headed hydra bites you but does no damage. x2
You block the five-headed hydra's attack.
The five-headed hydra barely misses you.
You block the hog's attack.
You hit the five-headed hydra. You freeze the five-headed hydra.
The five-headed hydra is lightly wounded.
The meliai misses you.
The meliai stings you but does no damage.
The meliai hits you with a +0 broad axe.
The meliai barely misses you. The meliai hits you with a +0 war axe.
The meliai stings you.
Jorgrun Earthshaker comes into view.
He is wielding a +0 heavy quarterstaff.
The ogre mage casts a spell.
The ogre mage flickers and vanishes!
Something hits you.
A two-headed ogre comes into view.
It is wielding a +0 giant club and a +0 great mace.
The hog bites you but does no damage.
The meliai mumbles some strange prayers to its god against you.
Something smites you! The meliai hits you but does no damage.
You block the meliai's attack.
The meliai hits you with a +0 broad axe.
You block the meliai's attack.
21673 ||| READING 2 scrolls of teleportation.
As you read the scroll of teleportation, it crumbles to dust.
You feel strangely unstable. The hog misses you.
The meliai invokes the aid of its god against you.
Something smites you!
You die...

# .# .. #..# (.# #..#
..####..####%(## ....
................. .....
................. ##..#
g............# #..#
#.#.@.......).# #..#
#...yy{......# #..# #.hy@D......#
# #..# #..hho......# .# #..#
#..{.O.......######..#
##..#########O..................#
...................^............#
..........O....####..####..###..#
#####..######..# #..# #..# #..#
#..# #..# #..# #..# #..# #..#
#..# #..# #..# #..#


You could see Jorgrun, Kirke, a five-headed hydra, 3 two-headed ogres, 3 hogs, 3
meliai and an orc (strong).

Vanquished Creatures
  Agnes (D:15)
  Josephine (Lair:4)
  A rakshasa (D:14)
  An ogre mage (D:14)
  A centaur warrior (D:14)
  5 hydras
  4 boulder beetles
  9 death yaks
  6 two-headed ogres
  A deep elf knight (D:14)
  Sonja (Lair:5)
  4 skeletal warriors (D:11)
  3 skysharks (Lair:5)
  Pikel (D:8)
  2 deep elf zephyrmancers (D:14)
  3 orc knights
  4 deep elf pyromancers
  13 ugly things
  2 cyclopes
  4 manticores
  24 elephants
  14 cane toads
  2 torpor snails
  4 black mambas
  4 gargoyles
  An unseen horror (D:10)
  Maggie (D:7)
  2 rime drakes
  2 freezing wraiths
  11 komodo dragons
  3 yaktaurs (D:14)
  A tengu conjurer (D:14)
  5 trolls
  6 tyrant leeches
  A hornet (D:7)
  5 polar bears
  11 dream sheep
  A wolf spider simulacrum (D:14)
  16 blink frogs
  2 water elementals (D:14)
  4 wraiths (Lair:4)
  4 wyverns
  A hog (D:15)
  7 basilisks
  39 yaks
  A fire elemental (D:14)
  A redback simulacrum (D:14)
  A steam dragon (D:8)
  Eustachio (D:5)
  9 vampire mosquitoes
  An acid dragon (D:7)
  Edmund (D:5)
  A warg (D:15)
  15 water moccasins
  A sky beast (D:7)
  5 orc warriors
  3 black bears
  7 ice beasts
  5 centaurs
  3 ogres (D:14)
  10 wolves
  3 lemures (D:8)
  2 kobold brigands
  A gnoll sergeant (D:9)
  20 bullfrogs
  5 necrophages (Lair:2)
  8 scorpions
  14 wights
  3 killer bees (D:9)
  2 vampire bats (D:9)
  5 electric eels
  4 howler monkeys
  8 orc priests
  4 hounds
  A jelly (D:4)
  A sleepcap (D:7)
  13 iguanas
  Jessica (D:3)
  Ijyb (D:5)
  Natasha (thrice) (D:3)
  5 orc wizards
  2 centaur simulacra
  Robin (D:3)
  14 gnolls
  3 adders
  A shadow imp (D:6)
  12 white imps
  6 ufetubi
  2 worms (Lair:2)
  3 dart slugs
  24 orcs
  8 endoplasms
  4 giant cockroaches
  18 goblins
  9 hobgoblins
  3 jackals (D:2)
  4 quokkas
  7 ball pythons
  11 bats
  18 frilled lizards
  13 kobolds
  7 rats
577 creatures vanquished.

Vanquished Creatures (others)
  An orc priest (D:14)
1 creature vanquished.

Grand Total: 578 creatures vanquished

Notes
Turn   | Place    | Note
-------+----------+-------------------------------------------
     0 | D:1      | qw the Gargoyle Fighter began the quest for the Orb.
     0 | D:1      | Reached XP level 1. HP: 14/14 MP: 1/1
     0 | D:1      | 0 ||| qw: Version: 0.2-a-101-gf424e7f
     0 | D:1      | 0 ||| qw: Game counter: 317
     0 | D:1      | 0 ||| qw: Always use a shield: true
     0 | D:1      | 0 ||| qw: God list: Okawaru
     0 | D:1      | 0 ||| qw: Allow faded altars: false
     0 | D:1      | 0 ||| qw: Do Orc after D:15 true
     0 | D:1      | 0 ||| qw: Do second Lair branch before Depths: true
     0 | D:1      | 0 ||| qw: Lair rune preference: random
     0 | D:1      | 0 ||| qw: Plans: Normal, Zot:1-4, Slime:5, God:TSO, Crypt,
                  | Tomb, Pan, Hells, Abyss, Win
     0 | D:1      | 0 ||| PLANNING D:1-11
    31 | D:1      | Reached skill level 2 in Axes
   143 | D:1      | Reached XP level 2. HP: 18/19 MP: 2/2
   154 | D:1      | 154 ||| Stepping ~*~*~tactically~*~*~ (stealth).
   156 | D:1      | 156 ||| Stepping ~*~*~tactically~*~*~ (hiding).
   632 | D:1      | Reached skill level 3 in Axes
   682 | D:1      | Reached XP level 3. HP: 23/23 MP: 3/3
   685 | D:1      | 685 ||| DROPPING +0 whip.
   799 | D:1      | 799 ||| UPGRADING to amulet of guardian spirit.
   804 | D:1      | 804 ||| READING 2 scrolls labelled HOSEZY CUOS.
   889 | D:2      | 889 ||| Stepping ~*~*~tactically~*~*~ (hiding).
   988 | D:2      | 988 ||| Stepping ~*~*~tactically~*~*~ (stealth).
  1926 | D:2      | 1926 ||| READING 2 scrolls labelled GEC YXTOME.
  1927 | D:2      | 1927 ||| READING scroll labelled RASSAC SAHI.
  1928 | D:2      | 1928 ||| READING scroll labelled WIQU TIUPI.
  1929 | D:2      | 1929 ||| READING scroll labelled SICAJU LEZXOG.
  1930 | D:2      | 1930 ||| DROPPING scroll of blinking.
  2176 | D:3      | Noticed Jessica
  2192 | D:3      | Killed Jessica
  2193 | D:3      | Reached skill level 4 in Axes
  2193 | D:3      | Reached XP level 4. HP: 13/28 MP: 2/4
  2297 | D:3      | Found a shadowy altar of Dithmenos.
  2456 | D:3      | 2456 ||| Stepping ~*~*~tactically~*~*~ (stealth).
  2458 | D:3      | 2458 ||| Stepping ~*~*~tactically~*~*~ (hiding).
  2459 | D:3      | 2459 ||| Stepping ~*~*~tactically~*~*~ (hiding).
  2460 | D:3      | 2460 ||| Stepping ~*~*~tactically~*~*~ (hiding).
  2461 | D:3      | 2461 ||| Stepping ~*~*~tactically~*~*~ (hiding).
  2462 | D:3      | 2462 ||| Stepping ~*~*~tactically~*~*~ (hiding).
  2524 | D:3      | Noticed Natasha
  2525 | D:3      | 2525 ||| Stepping ~*~*~tactically~*~*~ (stealth).
  2526 | D:3      | 2526 ||| Stepping ~*~*~tactically~*~*~ (stealth).
  2533 | D:3      | Killed Natasha
  2701 | D:3      | 2701 ||| Stepping ~*~*~tactically~*~*~ (stealth).
  2703 | D:3      | Noticed Robin
  2719 | D:3      | Reached XP level 5. HP: 23/32 MP: 1/5
  2720 | D:3      | Killed Robin
  2986 | D:3      | 2986 ||| Stepping ~*~*~tactically~*~*~ (hiding).
  2987 | D:3      | 2987 ||| Stepping ~*~*~tactically~*~*~ (hiding).
  3004 | D:3      | Noticed Natasha
  3005 | D:3      | 3005 ||| Stepping ~*~*~tactically~*~*~ (stealth).
  3007 | D:3      | 3007 ||| Stepping ~*~*~tactically~*~*~ (hiding).
  3013 | D:3      | Killed Natasha
  3014 | D:3      | Reached skill level 5 in Axes
  3090 | D:3      | 3090 ||| UPGRADING to +0 helmet.
  3095 | D:3      | 3095 ||| UPGRADING to +0 pair of gloves.
  3100 | D:3      | 3100 ||| DRINKING 2 glowing clear potions.
  3146 | D:3      | Noticed Natasha
  3147 | D:3      | 3147 ||| Stepping ~*~*~tactically~*~*~ (stealth).
  3149 | D:3      | 3149 ||| Stepping ~*~*~tactically~*~*~ (hiding).
  3150 | D:3      | 3150 ||| Stepping ~*~*~tactically~*~*~ (hiding).
  3151 | D:3      | 3151 ||| Stepping ~*~*~tactically~*~*~ (hiding).
  3152 | D:3      | 3152 ||| Stepping ~*~*~tactically~*~*~ (hiding).
  3157 | D:3      | Killed Natasha
  3419 | D:4      | Reached XP level 6. HP: 38/38 MP: 6/6
  3587 | D:4      | Found a glowing silver altar of Zin.
  3602 | D:4      | Reached skill level 1 in Dodging
  3630 | D:4      | Found a shimmering blue altar of Sif Muna.
  3632 | D:4      | Found an opulent altar of Gozag.
  3665 | D:4      | 3665 ||| DROPPING +1 whip of venom.
  3671 | D:4      | 3671 ||| Stepping ~*~*~tactically~*~*~ (stealth).
  3681 | D:4      | HP: 3/38 [wight/+0 falchion (8)]
  3681 | D:4      | HP: 1/38 [wight/+0 falchion (2)]
  3682 | D:4      | 3682 ||| READING 2 scrolls of teleportation.
  3683 | D:4      | 3683 ||| DRINKING potion of heal wounds.
  3686 | D:4      | Reached skill level 6 in Axes
  3686 | D:4      | Reached XP level 7. HP: 23/43 MP: 0/7
  3850 | D:4      | You fall into a shaft and drop 2 floors!
  4081 | D:6      | Found a staircase to the Ecumenical Temple.
  4082 | D:6      | 4082 ||| PLANNING TEMPLE
  4090 | D:6      | 4090 ||| UPGRADING to +0 chain mail.
  4100 | D:6      | 4100 ||| DROPPING +0 scale mail.
  4101 | D:6      | 4101 ||| READING scroll labelled ZUIRA LIOSA.
  4106 | Temple   | Entered the Ecumenical Temple
  4107 | Temple   | 4107 ||| PLANNING D:1-11
  4135 | D:6      | Reached skill level 7 in Axes
  4238 | D:6      | 4238 ||| Stepping ~*~*~tactically~*~*~ (stealth).
  4239 | D:6      | 4239 ||| Stepping ~*~*~tactically~*~*~ (stealth).
  4241 | D:6      | 4241 ||| Stepping ~*~*~tactically~*~*~ (stealth).
  4250 | D:6      | Reached XP level 8. HP: 49/49 MP: 8/8
  4254 | D:6      | 4254 ||| DROPPING +0 flail.
  4270 | D:5      | Entered Level 5 of the Dungeon
  4466 | D:5      | Noticed Edmund
  4480 | D:5      | Killed Edmund
  4481 | D:5      | Reached skill level 8 in Axes
  4550 | D:5      | 4550 ||| DROPPING +2 heavy flail.
  4568 | D:5      | 4568 ||| Stepping ~*~*~tactically~*~*~ (hiding).
  4569 | D:5      | 4569 ||| Stepping ~*~*~tactically~*~*~ (hiding).
  4570 | D:5      | 4570 ||| Stepping ~*~*~tactically~*~*~ (hiding).
  4571 | D:5      | 4571 ||| Stepping ~*~*~tactically~*~*~ (hiding).
  4710 | D:4      | 4710 ||| Stepping ~*~*~tactically~*~*~ (hiding).
  4970 | D:4      | Reached skill level 6 in Fighting
  5011 | D:4      | 5011 ||| Stepping ~*~*~tactically~*~*~ (stealth).
  5022 | D:4      | 5022 ||| Stepping ~*~*~tactically~*~*~ (hiding).
  5494 | D:5      | 5494 ||| Stepping ~*~*~tactically~*~*~ (stealth).
  5517 | D:5      | Found a glowing golden altar of the Shining One.
  5665 | D:5      | Noticed Ijyb
  5666 | D:5      | 5666 ||| Stepping ~*~*~tactically~*~*~ (hiding).
  5667 | D:5      | 5667 ||| Stepping ~*~*~tactically~*~*~ (hiding).
  5689 | D:5      | Killed Ijyb
  5690 | D:5      | Reached XP level 9. HP: 35/55 MP: 7/9
  5884 | D:5      | Reached skill level 9 in Axes
  6041 | D:5      | Noticed Eustachio
  6066 | D:5      | Killed Eustachio
  6237 | D:5      | 6237 ||| READING scroll labelled SOLUZY FENADAHIU.
  6238 | D:5      | 6238 ||| READING scroll labelled BOSY ICHAAST.
  6339 | D:5      | 6339 ||| READING 2 scrolls labelled OBLOTH GUG WOO.
  6340 | D:5      | 6340 ||| DROPPING scroll of noise.
  6417 | D:6      | Identified the +5 dagger of Zipueluj {heavy, rN++ Int-2
                  | Dex+2}
  6757 | D:6      | Found a runed translucent door.
  6758 | D:6      | Noticed Crazy Yiuf
  7201 | D:6      | 7201 ||| UPGRADING to +0 plate armour.
  7211 | D:6      | 7211 ||| DROPPING +0 chain mail.
  7431 | D:7      | 7431 ||| Stepping ~*~*~tactically~*~*~ (hiding).
  7432 | D:7      | 7432 ||| Stepping ~*~*~tactically~*~*~ (hiding).
  7483 | D:7      | Noticed a hornet
  7496 | D:7      | Killed a hornet
  7531 | D:7      | Found a large runed translucent door.
  7532 | D:7      | Found a large runed translucent door.
  7659 | D:7      | Reached skill level 6 in Armour
  7930 | D:7      | Noticed Maggie
  7957 | D:7      | Killed Maggie
  8172 | D:7      | 8172 ||| Stepping ~*~*~tactically~*~*~ (hiding).
  8184 | D:7      | 8184 ||| Stepping ~*~*~tactically~*~*~ (hiding).
  8188 | D:7      | 8188 ||| Stepping ~*~*~tactically~*~*~ (hiding).
  8299 | D:7      | 8299 ||| DROPPING +2 flail of protection.
  8400 | D:7      | Reached skill level 10 in Axes
  8444 | D:7      | Noticed a gargoyle
  8444 | D:7      | Noticed a two-headed ogre
  8448 | D:7      | Noticed a troll
  8450 | D:7      | Noticed a two-headed ogre
  8451 | D:7      | Reached skill level 1 in Throwing
  8460 | D:7      | HP: 12/57 [gargoyle/+0 morningstar (4)]
  8461 | D:7      | 8461 ||| READING 2 scrolls of teleportation.
  8462 | D:7      | 8462 ||| DRINKING potion of heal wounds.
  8760 | D:7      | Killed a gargoyle
  8761 | D:7      | Reached XP level 10. HP: 36/64 MP: 7/10
  8804 | D:7      | 8804 ||| Stepping ~*~*~tactically~*~*~ (stealth).
  8838 | D:7      | HP: 12/64 [vampire mosquito (8)]
  8839 | D:7      | 8839 ||| READING scroll of teleportation.
  8841 | D:7      | HP: 5/64 [vampire mosquito (6)]
  8863 | D:7      | 8863 ||| FLEEEEING.
  8864 | D:7      | 8864 ||| FLEEEEING.
  8946 | D:7      | 8946 ||| FLEEEEING.
  9092 | D:7      | HP: 12/64 [troll (6)]
  9100 | D:7      | HP: 6/64 [orc warrior/+0 scimitar (4)]
  9307 | D:7      | 9307 ||| SWAPPING to +1 heavy war axe.
  9308 | D:7      | 9308 ||| DROPPING +0 war axe.
  9313 | D:7      | Identified the ring of the Tempest {rN+ Str+6}
  9534 | D:7      | Killed a two-headed ogre
  9562 | D:7      | 9562 ||| UPGRADING to ring of the Tempest {rN+ Str+6}.
  9563 | D:7      | 9563 ||| UPGRADING to +4 ring of slaying {mikee}.
  9564 | D:7      | 9564 ||| READING scroll labelled OLLINOS FINYIX.
  9565 | D:7      | 9565 ||| READING scroll labelled GAAFA RETARU.
  9566 | D:7      | 9566 ||| READING scroll labelled KIGRUV RYCW.
  9567 | D:7      | 9567 ||| DRINKING 2 lumpy sapphire potions.
  9568 | D:7      | 9568 ||| DRINKING 2 sapphire potions.
  9611 | D:7      | 9611 ||| READING 3 scrolls of identify.
  9611 | D:7      | 9611 ||| IDENTIFYING brown potion
  9612 | D:7      | 9612 ||| READING 2 scrolls of identify.
  9612 | D:7      | 9612 ||| IDENTIFYING bubbling coppery potion
  9613 | D:7      | 9613 ||| DROPPING potion of degeneration.
  9614 | D:7      | 9614 ||| DROPPING potion of flight.
  9783 | D:8      | Reached skill level 11 in Axes
  9811 | D:8      | Noticed Pikel
  9821 | D:8      | Killed Pikel
  9983 | D:8      | 9983 ||| Stepping ~*~*~tactically~*~*~ (hiding).
 10037 | D:8      | Reached skill level 9 in Fighting
 10062 | D:8      | Found a radiant altar of Vehumet.
 10260 | D:8      | Found Fien's Fire Supplies.
 10275 | D:8      | 10275 ||| BUYING +0 pair of boots of fire resistance (172
                  | gold).
 10275 | D:8      | Bought a +0 pair of boots of fire resistance for 172 gold
                  | pieces
 10275 | D:8      | 10275 ||| BUYING +2 pair of boots of fire resistance (322
                  | gold).
 10275 | D:8      | Bought a +2 pair of boots of fire resistance for 322 gold
                  | pieces
 10275 | D:8      | 10275 ||| SHOPLISTING +2 scale mail of fire resistance (315
                  | gold, have 94).
 10275 | D:8      | 10275 ||| SHOPLISTING ring of fire (375 gold, have 94).
 10451 | D:8      | 10451 ||| UPGRADING to +0 pair of boots of fire resistance.
 10456 | D:8      | 10456 ||| UPGRADING to +2 pair of boots of fire resistance.
 10466 | D:8      | 10466 ||| DROPPING +0 pair of boots of fire resistance.
 10467 | D:8      | 10467 ||| DROPPING +6 ring of strength.
 10468 | D:8      | 10468 ||| READING 2 scrolls of identify.
 10468 | D:8      | 10468 ||| IDENTIFYING sedimented puce potion
 10469 | D:8      | 10469 ||| DROPPING potion of invisibility.
 10534 | D:9      | Noticed a two-headed ogre
 10541 | D:9      | Killed a two-headed ogre
 10542 | D:9      | Reached XP level 11. HP: 61/71 MP: 7/11
 10746 | D:9      | 10746 ||| Stepping ~*~*~tactically~*~*~ (stealth).
 10750 | D:9      | 10750 ||| Stepping ~*~*~tactically~*~*~ (stealth).
 10751 | D:9      | 10751 ||| Stepping ~*~*~tactically~*~*~ (stealth).
 10754 | D:9      | 10754 ||| Stepping ~*~*~tactically~*~*~ (stealth).
 10755 | D:9      | 10755 ||| Stepping ~*~*~tactically~*~*~ (stealth).
 10765 | D:9      | 10765 ||| FLEEEEING.
 10796 | D:9      | 10796 ||| Stepping ~*~*~tactically~*~*~ (stealth).
 10800 | D:9      | 10800 ||| Stepping ~*~*~tactically~*~*~ (stealth).
 10896 | D:9      | Noticed a boulder beetle
 10897 | D:9      | Noticed a deep elf pyromancer
 10897 | D:9      | Noticed a white ugly thing
 10898 | D:9      | Noticed a cyclops
 10899 | D:9      | Noticed a green ugly thing
 10927 | D:9      | Noticed a manticore
 11014 | D:9      | Noticed a tengu warrior
 11108 | D:9      | 11108 ||| Stepping ~*~*~tactically~*~*~ (hiding).
 11109 | D:9      | 11109 ||| Stepping ~*~*~tactically~*~*~ (hiding).
 11112 | D:9      | Reached skill level 12 in Axes
 11347 | D:9      | Noticed a broodmother
 11437 | D:9      | 11437 ||| READING 2 scrolls of identify.
 11437 | D:9      | 11437 ||| IDENTIFYING cyan potion
 11438 | D:9      | 11438 ||| DROPPING potion of berserk rage.
 11465 | D:10     | Entered Level 10 of the Dungeon
 11476 | D:10     | Noticed a death yak
 11476 | D:10     | Noticed a death yak
 11479 | D:10     | Noticed a death yak
 11489 | D:10     | Killed a death yak
 11490 | D:10     | Reached skill level 6 in Shields
 11492 | D:10     | Killed a death yak
 11493 | D:10     | Reached skill level 9 in Armour
 11497 | D:10     | HP: 17/71 [death yak (7)]
 11498 | D:10     | 11498 ||| READING scroll of teleportation.
 11690 | D:10     | Found Kotij's Magic Scroll Emporium.
 11694 | D:10     | 11694 ||| BUYING scroll of enchant weapon (105 gold).
 11694 | D:10     | Bought a scroll of enchant weapon for 105 gold pieces
 11694 | D:10     | 11694 ||| BUYING scroll of identify (28 gold).
 11694 | D:10     | Bought a scroll of identify for 28 gold pieces
 11694 | D:10     | 11694 ||| SHOPLISTING scroll of identify (28 gold, have
                  | 25).
 11694 | D:10     | 11694 ||| SHOPLISTING scroll of teleportation (42 gold,
                  | have 25).
 11694 | D:10     | 11694 ||| READING scroll of enchant weapon.
 11694 | D:10     | 11694 ||| ENCHANTING +2 heavy war axe.
 11730 | D:10     | 11730 ||| READING scroll of enchant weapon.
 11730 | D:10     | 11730 ||| ENCHANTING +3 heavy war axe.
 11868 | D:10     | 11868 ||| Stepping ~*~*~tactically~*~*~ (hiding).
 11899 | D:10     | 11899 ||| Stepping ~*~*~tactically~*~*~ (stealth).
 11916 | D:10     | 11916 ||| Stepping ~*~*~tactically~*~*~ (stealth).
 11927 | D:10     | Killed a death yak
 11973 | D:10     | Found a staircase to the Lair.
 12027 | D:10     | 12027 ||| READING scroll of enchant weapon.
 12027 | D:10     | 12027 ||| ENCHANTING +4 heavy war axe.
 12057 | D:10     | Found a staircase to the Orcish Mines.
 12103 | D:10     | Found a faded altar of an unknown god.
 12103 | D:10     | Found a white marble altar of Elyvilon.
 12115 | D:10     | Found a snail-covered altar of Cheibriados.
 12117 | D:10     | Found an iron altar of Okawaru.
 12119 | D:10     | 12119 ||| PLANNING OKAWARU WORSHIP
 12119 | D:10     | 12119 ||| READING 2 scrolls of enchant armour.
 12119 | D:10     | 12119 ||| ENCHANTING +0 pair of gloves.
 12120 | D:10     | 12120 ||| READING scroll of enchant armour.
 12120 | D:10     | 12120 ||| ENCHANTING +1 pair of gloves.
 12121 | D:10     | 12121 ||| READING scroll labelled YPHUISE CASEWK.
 12122 | D:10     | 12122 ||| READING scroll labelled BIASAPTIESTIR.
 12123 | D:10     | 12123 ||| READING 2 scrolls of identify.
 12123 | D:10     | 12123 ||| IDENTIFYING bubbling red potion
 12125 | D:10     | Found an ancient bone altar of Kikubaaqudgha.
 12129 | D:10     | Became a worshipper of Warmaster Okawaru
 12129 | D:10     | 12129 ||| PLANNING D:1-11
 12130 | D:10     | 12130 ||| REMOVING amulet of guardian spirit.
 12271 | D:10     | Found Maompoa's Antique Weapon Shop.
 12328 | D:10     | 12328 ||| PLANNING LAIR
 12328 | D:10     | 12328 ||| DROPPING amulet of guardian spirit.
 12380 | Lair:1   | Entered Level 1 of the Lair of Beasts
 12482 | Lair:1   | 12482 ||| Stepping ~*~*~tactically~*~*~ (stealth).
 12637 | Lair:1   | 12637 ||| Stepping ~*~*~tactically~*~*~ (stealth).
 12682 | Lair:1   | 12682 ||| Stepping ~*~*~tactically~*~*~ (hiding).
 12683 | Lair:1   | 12683 ||| Stepping ~*~*~tactically~*~*~ (hiding).
 12685 | Lair:1   | 12685 ||| Stepping ~*~*~tactically~*~*~ (hiding).
 12692 | Lair:1   | Reached XP level 12. HP: 77/77 MP: 12/12
 12822 | Lair:1   | Reached skill level 3 in Throwing
 13146 | Lair:1   | 13146 ||| DROPPING ring of magical power.
 13147 | Lair:1   | 13147 ||| DRINKING 2 black potions.
 13168 | Lair:2   | Reached * piety under Okawaru
 13173 | Lair:2   | Reached skill level 13 in Axes
 13173 | Lair:2   | Reached skill level 1 in Invocations
 13188 | Lair:2   | 13188 ||| Stepping ~*~*~tactically~*~*~ (stealth).
 13189 | Lair:2   | 13189 ||| Stepping ~*~*~tactically~*~*~ (stealth).
 13235 | Lair:2   | 13235 ||| Stepping ~*~*~tactically~*~*~ (stealth).
 13236 | Lair:2   | 13236 ||| INVOKING Heroism.
 13254 | Lair:2   | 13254 ||| INVOKING Heroism.
 13264 | Lair:2   | Reached skill level 3 in Invocations
 13378 | Lair:2   | 13378 ||| INVOKING Heroism.
 13386 | Lair:2   | Reached ** piety under Okawaru
 13454 | Lair:2   | 13454 ||| Stepping ~*~*~tactically~*~*~ (stealth).
 13478 | Lair:2   | Found a hole to the Spider Nest.
 13484 | Lair:2   | 13484 ||| Stepping ~*~*~tactically~*~*~ (stealth).
 13487 | Lair:2   | 13487 ||| INVOKING Heroism.
 13530 | Lair:2   | 13530 ||| READING scroll of enchant armour.
 13530 | Lair:2   | 13530 ||| ENCHANTING +0 helmet.
 14140 | Lair:3   | 14140 ||| INVOKING Heroism.
 14174 | Lair:3   | 14174 ||| Stepping ~*~*~tactically~*~*~ (hiding).
 14268 | Lair:3   | 14268 ||| Stepping ~*~*~tactically~*~*~ (stealth).
 14289 | Lair:3   | Reached skill level 14 in Axes
 14329 | Lair:3   | Noticed a death yak
 14330 | Lair:3   | 14330 ||| INVOKING Heroism.
 14333 | Lair:3   | Noticed a death yak
 14335 | Lair:3   | Noticed a death yak
 14336 | Lair:3   | 14336 ||| Stepping ~*~*~tactically~*~*~ (stealth).
 14340 | Lair:3   | Killed a death yak
 14346 | Lair:3   | Killed a death yak
 14351 | Lair:3   | Noticed a death yak
 14351 | Lair:3   | Noticed a death yak
 14351 | Lair:3   | Noticed a death yak
 14356 | Lair:3   | Killed a death yak
 14356 | Lair:3   | Reached *** piety under Okawaru
 14357 | Lair:3   | Reached XP level 13. HP: 82/82 MP: 16/16
 14359 | Lair:3   | 14359 ||| INVOKING Heroism.
 14406 | Lair:3   | 14406 ||| Stepping ~*~*~tactically~*~*~ (stealth).
 14445 | Lair:3   | 14445 ||| Stepping ~*~*~tactically~*~*~ (stealth).
 14447 | Lair:3   | 14447 ||| INVOKING Heroism.
 14517 | Lair:3   | Received a gift from Okawaru
 14563 | Lair:3   | 14563 ||| Stepping ~*~*~tactically~*~*~ (hiding).
 14584 | Lair:3   | 14584 ||| INVOKING Heroism.
 14674 | Lair:3   | Found a staircase to the Swamp.
 14675 | Lair:3   | 14675 ||| Stepping ~*~*~tactically~*~*~ (stealth).
 14678 | Lair:3   | 14678 ||| Stepping ~*~*~tactically~*~*~ (stealth).
 14699 | Lair:3   | Reached **** piety under Okawaru
 14810 | Lair:3   | 14810 ||| Stepping ~*~*~tactically~*~*~ (stealth).
 14811 | Lair:3   | 14811 ||| Stepping ~*~*~tactically~*~*~ (stealth).
 14812 | Lair:3   | 14812 ||| Stepping ~*~*~tactically~*~*~ (stealth).
 14914 | Lair:3   | 14914 ||| INVOKING Heroism.
 14916 | Lair:3   | Reached skill level 6 in Throwing
 14916 | Lair:3   | 14916 ||| Stepping ~*~*~tactically~*~*~ (water).
 14936 | Lair:3   | 14936 ||| Stepping ~*~*~tactically~*~*~ (stealth).
 14940 | Lair:3   | 14940 ||| Stepping ~*~*~tactically~*~*~ (stealth).
 14942 | Lair:3   | 14942 ||| INVOKING Heroism.
 14971 | Lair:3   | 14971 ||| INVOKING Heroism.
 14977 | Lair:3   | Received a gift from Okawaru
 15002 | Lair:3   | 15002 ||| FLEEEEING.
 15003 | Lair:3   | 15003 ||| FLEEEEING.
 15004 | Lair:3   | 15004 ||| FLEEEEING.
 15005 | Lair:3   | 15005 ||| FLEEEEING.
 15006 | Lair:3   | 15006 ||| FLEEEEING.
 15007 | Lair:3   | 15007 ||| FLEEEEING.
 15008 | Lair:3   | 15008 ||| FLEEEEING.
 15009 | Lair:3   | 15009 ||| FLEEEEING.
 15010 | Lair:3   | 15010 ||| FLEEEEING.
 15011 | Lair:3   | 15011 ||| FLEEEEING.
 15012 | Lair:3   | 15012 ||| FLEEEEING.
 15013 | Lair:3   | 15013 ||| FLEEEEING.
 15014 | Lair:3   | 15014 ||| FLEEEEING.
 15015 | Lair:3   | 15015 ||| FLEEEEING.
 15016 | Lair:3   | 15016 ||| FLEEEEING.
 15017 | Lair:3   | 15017 ||| FLEEEEING.
 15018 | Lair:3   | 15018 ||| FLEEEEING.
 15019 | Lair:3   | 15019 ||| FLEEEEING.
 15021 | Lair:3   | 15021 ||| FLEEEEING.
 15022 | Lair:3   | 15022 ||| FLEEEEING.
 15023 | Lair:3   | 15023 ||| FLEEEEING.
 15024 | Lair:3   | 15024 ||| FLEEEEING.
 15025 | Lair:3   | 15025 ||| FLEEEEING.
 15026 | Lair:3   | 15026 ||| FLEEEEING.
 15027 | Lair:3   | 15027 ||| FLEEEEING.
 15028 | Lair:3   | 15028 ||| FLEEEEING.
 15029 | Lair:3   | 15029 ||| FLEEEEING.
 15030 | Lair:3   | 15030 ||| FLEEEEING.
 15031 | Lair:3   | 15031 ||| FLEEEEING.
 15032 | Lair:3   | 15032 ||| FLEEEEING.
 15033 | Lair:3   | 15033 ||| FLEEEEING.
 15034 | Lair:3   | 15034 ||| FLEEEEING.
 15035 | Lair:3   | 15035 ||| FLEEEEING.
 15036 | Lair:3   | 15036 ||| FLEEEEING.
 15037 | Lair:3   | 15037 ||| FLEEEEING.
 15038 | Lair:3   | 15038 ||| FLEEEEING.
 15040 | Lair:3   | 15040 ||| FLEEEEING.
 15041 | Lair:3   | 15041 ||| FLEEEEING.
 15043 | Lair:3   | 15043 ||| FLEEEEING.
 15044 | Lair:3   | 15044 ||| FLEEEEING.
 15045 | Lair:3   | 15045 ||| FLEEEEING.
 15046 | Lair:3   | 15046 ||| STAIRDANCE
 15139 | Lair:2   | 15139 ||| DRINKING 2 silvery potions.
 15140 | Lair:2   | 15140 ||| READING 2 scrolls of identify.
 15140 | Lair:2   | 15140 ||| IDENTIFYING orange potion
 15230 | Lair:3   | 15230 ||| INVOKING Heroism.
 15369 | Lair:3   | 15369 ||| INVOKING Heroism.
 15638 | Lair:4   | Noticed Josephine
 15639 | Lair:4   | 15639 ||| Stepping ~*~*~tactically~*~*~ (stealth).
 15653 | Lair:4   | Killed Josephine
 15659 | Lair:4   | 15659 ||| Stepping ~*~*~tactically~*~*~ (stealth).
 15660 | Lair:4   | 15660 ||| Stepping ~*~*~tactically~*~*~ (stealth).
 15861 | Lair:4   | 15861 ||| Stepping ~*~*~tactically~*~*~ (hiding).
 15870 | Lair:4   | Received a gift from Okawaru
 16075 | Lair:4   | 16075 ||| INVOKING Heroism.
 16355 | Lair:5   | Entered Level 5 of the Lair of Beasts
 16403 | Lair:5   | Reached skill level 15 in Axes
 16425 | Lair:5   | 16425 ||| FLEEEEING.
 16426 | Lair:5   | 16426 ||| STAIRDANCE
 16469 | Lair:5   | 16469 ||| INVOKING Heroism.
 16482 | Lair:5   | Received a gift from Okawaru
 16485 | Lair:5   | Reached skill level 6 in Invocations
 16499 | Lair:5   | 16499 ||| Stepping ~*~*~tactically~*~*~ (stealth).
 16501 | Lair:5   | 16501 ||| FLEEEEING.
 16502 | Lair:5   | 16502 ||| STAIRDANCE
 16536 | Lair:5   | 16536 ||| Stepping ~*~*~tactically~*~*~ (stealth).
 16537 | Lair:5   | 16537 ||| Stepping ~*~*~tactically~*~*~ (stealth).
 16538 | Lair:5   | 16538 ||| Stepping ~*~*~tactically~*~*~ (stealth).
 16539 | Lair:5   | 16539 ||| INVOKING Heroism.
 16562 | Lair:5   | 16562 ||| Stepping ~*~*~tactically~*~*~ (stealth).
 16563 | Lair:5   | 16563 ||| Stepping ~*~*~tactically~*~*~ (stealth).
 16564 | Lair:5   | 16564 ||| INVOKING Heroism.
 16584 | Lair:5   | 16584 ||| INVOKING Heroism.
 16589 | Lair:5   | Received a gift from Okawaru
 16595 | Lair:5   | Gained mutation: Your large and strong wings let you fly.
                  | [Gargoyle growth]
 16595 | Lair:5   | Reached XP level 14. HP: 61/90 MP: 16/19
 16605 | Lair:5   | 16605 ||| Stepping ~*~*~tactically~*~*~ (stealth).
 16609 | Lair:5   | 16609 ||| FLEEEEING.
 16610 | Lair:5   | 16610 ||| STAIRDANCE
 16681 | Lair:5   | 16681 ||| STAIRDANCE
 16695 | Lair:5   | 16695 ||| Stepping ~*~*~tactically~*~*~ (stealth).
 16696 | Lair:5   | 16696 ||| Stepping ~*~*~tactically~*~*~ (stealth).
 16733 | Lair:5   | Reached skill level 3 in Dodging
 16747 | Lair:5   | 16747 ||| FLEEEEING.
 16761 | Lair:5   | Received a gift from Okawaru
 16846 | Lair:5   | 16846 ||| READING scroll of enchant weapon.
 16846 | Lair:5   | 16846 ||| ENCHANTING +5 vampiric war axe.
 16907 | Lair:5   | Found a viscous altar of Jiyva.
 16907 | Lair:5   | Found a staircase to the Slime Pits.
 16968 | Lair:5   | Identified the +6 chain mail "Ireiteth" {rF+ Str+4}
 16977 | Lair:5   | Identified the +3 chain mail "Tiedom" {Str+2}
 17003 | Lair:5   | 17003 ||| INVOKING Heroism.
 17008 | Lair:5   | 17008 ||| SWAPPING to +0 morningstar of freezing.
 17015 | Lair:5   | Noticed Sonja
 17020 | Lair:5   | 17020 ||| SWAPPING to +6 vampiric war axe.
 17023 | Lair:5   | Reached ***** piety under Okawaru
 17024 | Lair:5   | 17024 ||| INVOKING Finesse.
 17030 | Lair:5   | Reached skill level 9 in Invocations
 17031 | Lair:5   | Reached skill level 12 in Fighting
 17052 | Lair:5   | Killed Sonja
 17156 | Lair:5   | 17156 ||| Stepping ~*~*~tactically~*~*~ (stealth).
 17157 | Lair:5   | 17157 ||| Stepping ~*~*~tactically~*~*~ (stealth).
 17238 | Lair:5   | 17238 ||| Stepping ~*~*~tactically~*~*~ (stealth).
 17249 | Lair:5   | 17249 ||| INVOKING Heroism.
 17253 | Lair:5   | 17253 ||| INVOKING Finesse.
 17260 | Lair:5   | Received a gift from Okawaru
 17562 | Lair:5   | 17562 ||| PLANNING D:1-11
 17562 | Lair:5   | 17562 ||| UPGRADING to +6 chain mail "Ireiteth" {rF+
                  | Str+4}.
 17572 | Lair:5   | 17572 ||| DROPPING +0 plate armour.
 17673 | D:11     | 17673 ||| PLANNING GAUNTLET
 17736 | D:11     | Found a hide-covered altar of Uskayaw.
 17737 | D:11     | 17737 ||| Stepping ~*~*~tactically~*~*~ (hiding).
 17771 | D:11     | 17771 ||| INVOKING Heroism.
 17785 | D:11     | 17785 ||| INVOKING Heroism.
 17815 | D:11     | 17815 ||| FLEEEEING.
 17816 | D:11     | 17816 ||| FLEEEEING.
 17817 | D:11     | 17817 ||| INVOKING Heroism.
 17887 | D:11     | 17887 ||| Stepping ~*~*~tactically~*~*~ (stealth).
 17888 | D:11     | 17888 ||| Stepping ~*~*~tactically~*~*~ (stealth).
 17891 | D:11     | 17891 ||| Stepping ~*~*~tactically~*~*~ (stealth).
 17895 | D:11     | 17895 ||| Stepping ~*~*~tactically~*~*~ (stealth).
 17950 | D:11     | 17950 ||| Stepping ~*~*~tactically~*~*~ (hiding).
 18223 | D:11     | Found a gate leading to a gauntlet.
 18489 | D:11     | 18489 ||| RIP GAUNTLET
 18489 | D:11     | 18489 ||| PLANNING D:1-11
 18591 | D:11     | 18591 ||| READING scroll of enchant armour.
 18591 | D:11     | 18591 ||| ENCHANTING +1 helmet.
 18686 | D:11     | 18686 ||| PLANNING D
 18741 | D:12     | Reached skill level 16 in Axes
 18874 | D:12     | Received a gift from Okawaru
 18913 | D:12     | Identified the +3 scale mail of the Morning Star {Str+3}
 18939 | D:12     | 18939 ||| INVOKING Heroism.
 18940 | D:12     | 18940 ||| INVOKING Finesse.
 19141 | D:12     | 19141 ||| DRINKING 3 coppery potions.
 19142 | D:12     | 19142 ||| DROPPING 2 potions of brilliance.
 19158 | D:13     | 19158 ||| Stepping ~*~*~tactically~*~*~ (hiding).
 19166 | D:13     | Reached XP level 15. HP: 96/96 MP: 22/22
 19398 | D:13     | 19398 ||| INVOKING Heroism.
 19403 | D:13     | 19403 ||| SWAPPING to +0 morningstar of freezing.
 19409 | D:13     | 19409 ||| SWAPPING to +6 vampiric war axe.
 19555 | D:13     | 19555 ||| INVOKING Heroism.
 20012 | D:13     | 20012 ||| READING scroll labelled JID OHASATT.
 20013 | D:13     | 20013 ||| READING scroll labelled GUMMUWEMU.
 20052 | D:14     | 20052 ||| Stepping ~*~*~tactically~*~*~ (hiding).
 20119 | D:14     | Found a broken altar of Ashenzari.
 20214 | D:14     | Received a gift from Okawaru
 20241 | D:14     | Reached skill level 9 in Shields
 20405 | D:14     | 20405 ||| INVOKING Heroism.
 20536 | D:14     | 20536 ||| Stepping ~*~*~tactically~*~*~ (hiding).
 20614 | D:14     | 20614 ||| INVOKING Heroism.
 20619 | D:14     | 20619 ||| SWAPPING to +0 morningstar of freezing.
 20621 | D:14     | 20621 ||| SWAPPING to +6 vampiric war axe.
 20731 | D:14     | 20731 ||| Stepping ~*~*~tactically~*~*~ (hiding).
 20732 | D:14     | 20732 ||| Stepping ~*~*~tactically~*~*~ (hiding).
 20733 | D:14     | 20733 ||| Stepping ~*~*~tactically~*~*~ (stealth).
 20736 | D:14     | 20736 ||| INVOKING Heroism.
 20769 | D:14     | Identified the +1 quarterstaff of Dung {flame, rPois Str-2
                  | Int+2 Stlth+} (Okawaru gifted it to you on level 14 of the
                  | Dungeon)
 20769 | D:14     | Received a gift from Okawaru
 20791 | D:14     | 20791 ||| INVOKING Heroism.
 20982 | D:14     | Found a gate to the Vaults.
 21147 | D:14     | 21147 ||| Stepping ~*~*~tactically~*~*~ (hiding).
 21150 | D:14     | 21150 ||| Stepping ~*~*~tactically~*~*~ (hiding).
 21290 | D:14     | Identified the +10 long sword of Undoing {elec, Str+4}
 21337 | D:14     | 21337 ||| DROPPING ring of see invisible.
 21338 | D:14     | 21338 ||| UPGRADING to +5 ring of evasion.
 21340 | D:14     | 21340 ||| UPGRADING to ring of the Tempest {rN+ Str+6}.
 21342 | D:14     | 21342 ||| READING 3 scrolls of identify.
 21342 | D:14     | 21342 ||| IDENTIFYING metallic golden potion
 21396 | D:15     | Entered Level 15 of the Dungeon
 21407 | D:15     | 21407 ||| Stepping ~*~*~tactically~*~*~ (hiding).
 21408 | D:15     | 21408 ||| Stepping ~*~*~tactically~*~*~ (hiding).
 21418 | D:15     | 21418 ||| Stepping ~*~*~tactically~*~*~ (stealth).
 21420 | D:15     | 21420 ||| Stepping ~*~*~tactically~*~*~ (hiding).
 21422 | D:15     | 21422 ||| Stepping ~*~*~tactically~*~*~ (hiding).
 21423 | D:15     | 21423 ||| Stepping ~*~*~tactically~*~*~ (hiding).
 21527 | D:15     | 21527 ||| INVOKING Heroism.
 21603 | D:15     | 21603 ||| READING scroll of enchant weapon.
 21603 | D:15     | 21603 ||| ENCHANTING +6 vampiric war axe.
 21640 | D:15     | Noticed Agnes
 21641 | D:15     | 21641 ||| INVOKING Heroism.
 21655 | D:15     | Killed Agnes
 21664 | D:15     | 21664 ||| SWAPPING to +0 morningstar of freezing.
 21665 | D:15     | Noticed Kirke
 21672 | D:15     | HP: 25/101 [meliai/+0 war axe (1)]
 21672 | D:15     | Noticed Jorgrun
 21672 | D:15     | HP: 9/101 [meliai/divine providence (15)]
 21673 | D:15     | 21673 ||| READING 2 scrolls of teleportation.
 21673 | D:15     | Killed from afar by a meliai

Levels and vault maps discovered:
D:1:      scummos_arrival_checkerplants, layout_loops_corners
D:2:      layout_basic, nicolae_figureground_sparkle
D:3:      wander_river, layout_loops_corners, pf_just_have_faith,
          minmay_door_square, minmay_quantized, uniq_jessica, uniq_natasha,
          uniq_robin
D:4:      layout_loops_corners, old_standard_altar,
          mainiacjoe_overflow_catwalk_spiral, minmay_misc_feat_chi, minivault_5
D:5:      layout_loops_corners, old_standard_altar, uniq_ijyb, uniq_eustachio,
          uniq_edmund
D:6:      layout_layer_cave, minmay_temple_entry_proselytizer,
          uniq_crazy_yiuf_cottage
D:7:      minmay_the_grid_triangle_9x9_recursive_2
          [minmay_the_grid_triangle_9x9_prize_top_heavy,
          minmay_the_grid_triangle_9x9_longest,
          minmay_the_grid_triangle_9x9_intruding_spiral,
          minmay_the_grid_triangle_9x9_empty], layout_basic,
          jmf_multi_god_temple2, minmay_misc_feat_tower, sigmund_army,
          uniq_maggie
D:8:      layout_basic, vehumet_crystals, nicolae_shop_fire_sale
          [nicolae_sub_dead_trees], uniq_pikel
D:9:      layout_basic, serial_ice, serial_ice_b, serial_ice_o, serial_ice_h,
          serial_ice_k, serial_ice_d, serial_ice_a, roderic_batcave,
          hangedman_decor_lopped, minivault_12
D:10:     layout_loops_ring, chequers_temple_overflow_minitemple,
          dpeg_lair_monsters, orc_0_dummy, serial_shops, shop, shop
D:11:     layout_roguey, gauntlet_entry_generic, nicolae_uskayaw_dance_studio
D:12:     layout_rooms
D:13:     layout_roguey
D:14:     layout_loops_cross, hangedman_vaults_entry_quadrant_bands,
          kennysheep_crisscross, serial_ice, serial_ice_i, serial_ice_e,
          serial_ice_n, serial_ice_h, serial_ice_f, serial_ice_m, serial_ice_g,
          nicolae_ashenzari_skybound
D:15:     hangedman_depths_entry_try_elsewhere_first, layout_small_grid,
          bloody_makhleb, uniq_agnes, uniq_kirke, uniq_jorgrun
Temple:   hellmonk_temple_micro_hex
Lair:1:   layout_chaotic_city, st_stairs_9, grunt_megastairs_3,
          serial_bayou_shore_a
Lair:2:   layout_regular_city, nicolae_spider_entry_non_spiders, st_stairs_6,
          roderic_carrion_pond, grunt_megastairs_4
Lair:3:   lemuel_reptile_caves, layout_misc_corridors, minmay_swamp_entry_worms
Lair:4:   layout_roguey, uniq_josephine
Lair:5:   minmay_lair_end_frog_pond, layout_misc_corridors, slime_entry_1,
          lemuel_fruit_tree, uniq_sonja

Skill      XL: |  1  2  3  4  5  6  7  8  9 10 11 12 13 14 15 |
---------------+----------------------------------------------+-----
Axes           | 2 3 4 5 6 7 8 10 11 12 14 15 16 | 16.0
Fighting       | 4 5 6 8 9 10 11 12 14 | 14.9
Dodging        | 1 2 3 4 |  4.1
Armour         | 4 6 8 9 10 11 | 11.0
Shields        | 4 5 6 7 8 9 |  9.1
Throwing       | 1 2 4 6 |  6.0
Invocations    | 4 6 10 | 10.0

Action                     |  1- 3 |  4- 6 |  7- 9 | 10-12 | 13-15 || total
---------------------------+-------+-------+-------+-------+-------++-------
  Melee: War axe           |   112 |   105 |   407 |   375 |   754 ||  1753
         Morningstar       |       |       |       |       |    25 ||    25
  Throw: Boomerang         |       |       |       |    48 |    21 ||    69
         Javelin           |       |       |       |    65 |   189 ||   254
 Invoke: Heroism           |       |       |       |     6 |    27 ||    33
         Finesse           |       |       |       |       |     3 ||     3
    Use: Scroll            |     5 |     1 |     5 |    18 |     8 ||    37
         Potion            |       |     2 |     1 |     3 |     2 ||     8
   Stab: Distracted        |       |       |       |       |     1 ||     1
 Armour: Scale mail        |    51 |    50 |    19 |       |       ||   120
         Chain mail        |       |       |   128 |       |   176 ||   304
         Plate armour      |       |       |    75 |   301 |   260 ||   636
  Dodge: Dodged            |    41 |    42 |   138 |   141 |   268 ||   630
  Block: Buckler           |    20 |    16 |    69 |    91 |   165 ||   361

Table legend:
 A = Non-vault XP
 B = Vault XP
 C = Vault XP percentage of total XP
 D = Non-vault monster count
 E = Vault monster count
 F = Vault count percentage of total count
                 A         B        C        D         E       F
            +---------+---------+-------+---------+---------+-------
      Total |   79726 |   38262 |  32.4 |     371 |     204 |  35.5
            +---------+---------+-------+---------+---------+-------
        D:1 |      39 |       0 |   0.0 |      24 |       0 |   0.0
        D:2 |      23 |       0 |   0.0 |      14 |       0 |   0.0
        D:3 |      84 |     117 |  58.2 |       8 |      19 |  70.4
        D:4 |     843 |       0 |   0.0 |      34 |       0 |   0.0
        D:5 |     639 |     368 |  36.5 |      13 |       3 |  18.8
        D:6 |     603 |      40 |   6.2 |      15 |       1 |   6.2
        D:7 |    1112 |    2924 |  72.4 |      21 |      13 |  38.2
        D:8 |    1578 |     629 |  28.5 |      14 |       1 |   6.7
        D:9 |    2309 |    1579 |  40.6 |      22 |      23 |  51.1
       D:10 |    1822 |    3226 |  63.9 |       7 |       7 |  50.0
       D:11 |    5739 |     101 |   1.7 |      15 |       5 |  25.0
       D:12 |    3392 |       0 |   0.0 |       6 |       0 |   0.0
       D:13 |    5445 |       0 |   0.0 |      12 |       0 |   0.0
       D:14 |   13096 |    8798 |  40.2 |      25 |      32 |  56.1
       D:15 |    2533 |    1701 |  40.2 |      11 |       2 |  15.4
     Lair:1 |     505 |     539 |  51.6 |       5 |       3 |  37.5
     Lair:2 |    7289 |    1094 |  13.1 |      28 |      16 |  36.4
     Lair:3 |   11200 |    3771 |  25.2 |      30 |      36 |  54.5
     Lair:4 |    3090 |    1741 |  36.0 |      13 |       5 |  27.8
     Lair:5 |   18385 |   11634 |  38.8 |      54 |      38 |  41.3
            +---------+---------+-------+---------+---------+-------
